AoeStats
← Izari

Four Lakes

509581804Analyzed
1v1 RM · 7d ago on Sep 27, 2026· 75m 38s· 2 players
Game mode
Random Map
Map size
Tiny (2 player)
Population
200
Speed
Normal
Resources
Standard
Victory
Conquest
Starting age
Dark Age
Ending age
Imperial Age
RankedLock teamsTeams togetherTeam positionsShared explorationLock speedFull tech treeHidden civsTurbo modeCheats
Victory
Defeat
🇫🇮 Dravidians · Finland
1274
+15
🇹🇷 Bohemians · Türkiye
1261
-15
bojoooo
6:45 Loom
8:58 Feudal Age
9:38 Double-Bit Axe
10:28 Double-Bit Axe
22:26 Castle Age
26:50 Fletching
27:46 Elite Skirmisher
32:47 Husbandry
32:38 Light Cavalry
44:43 Imperial Age
42:51 Wheelbarrow
43:05 Forging
43:01 Scale Barding Armor
45:39 Chain Barding Armor
47:45 Chemistry
47:48 Iron Casting
59:31 Blast Furnace
58:28 Bodkin Arrow
63:09 Bow Saw
62:42 Horse Collar
70:06 Bracer
70:06 Padded Archer Armor
73:34 Conscription
Izari
4:05 Loom
12:02 Feudal Age
12:54 Double-Bit Axe
16:46 Castle Age
16:32 Horse Collar
19:11 Heavy Plow
19:23 Bow Saw
20:03 Medium Warships
20:05 Fletching
21:24 Demolition Ship
21:30 Demolition Ship
23:36 Town Watch
24:57 Elite Skirmisher
27:00 Gold Mining
28:17 Pikeman
31:48 Wheelbarrow
32:43 Sanctity
37:53 Imperial Age
38:41 Ballistics
39:31 Chemistry
44:21 Two-Man Saw
44:58 Hand Cart
46:41 Bodkin Arrow
46:47 Padded Archer Armor
46:50 Scale Mail Armor
47:00 Forging
46:15 Halberdier
46:57 Squires
49:36 Block Printing
57:15 Ballistics
56:51 Murder Holes
58:08 Thumb Ring
63:52 Bracer
64:44 Conscription
64:52 Conscription
64:53 Leather Archer Armor
72:15 Ring Archer Armor
72:01 Chain Mail Armor
72:21 Iron Casting
73:25 Masonry
Connection lost

Rejoining the realm…

Still unreachable

The connection could not be restored.

Session expired

The server has moved on; the page needs a fresh start.